 Dungeon Crawl Stone Soup version 0.32-a0-898-g7811c86cf0 (webtiles) character file.

Game seed: 16809513390353269679

80 Biggs the Shooter (level 4, 0/33 HPs)
             Began as a Coglin Hunter on Apr 5, 2024.
             Slain by a quokka (1 damage)
             ... on level 3 of the Dungeon.
             The game lasted 00:01:39 (1068 turns).

Biggs the Shooter (Coglin Hunter)                   Turns: 1068, Time: 00:01:40

Health: 0/33       AC:  5    Str: 11    XL:     4   Next: 39%
Magic:  4/4        EV: 11    Int:  8    God:
Gold:   48         SH:  0    Dex: 20    Spells: 3/3 levels left

rFire   + . .        a - +2 sling {Nittaya}
rCold   + . .        d - +0 sling {Titus}
rNeg    . . .        c - +0 leather armour
rPois   +            (no helmet)
rElec   +            h - +1 cloak
rCorr   +            (no gloves)
SInv    .            (no boots)
Will    .....        (amulet unavailable)
Stlth   +            (ring unavailable)
HPRegen 0.25/turn    (ring unavailable)
MPRegen 0.09/turn    (no gizmo)

%: no passive effects
@: on fire, resistant, glowing, revving
A: off-hand wielding, slow wielding, warmup strikes, no jewellery
a: Invent Gizmo


You were on level 3 of the Dungeon.
You visited 1 branch of the dungeon, and saw 3 of its levels.

You collected 48 gold pieces.

Inventory:

Hand Weapons
 a - a +2 sling (weapon) {Nittaya}
 d - a +0 sling (offhand) {Titus}
Armour
 c - a +0 leather armour (worn)
 h - a +1 cloak (worn)
Wands
 i - a wand of flame (13)
Scrolls
 b - a scroll of butterflies
 e - a scroll of immolation {unknown}
 j - a scroll of vulnerability {unknown}
 m - a scroll of silence {unknown}
 n - a scroll of identify {unknown}
 o - a scroll of teleportation {unknown}
Potions
 g - a potion of degeneration {unknown}
 k - a potion of brilliance {unknown}
 l - a potion of might {unknown}


   Skills:
 - Level 2.0 Fighting
 + Level 5.2 Ranged Weapons
 - Level 1.7 Dodging
 - Level 0.7 Stealth


You had 3 spell levels left.
You didn't know any spells.
Your spell library was empty.

Dungeon Overview and Level Annotations

Branches:
Dungeon (3/15)

Altars:
Hepliaklqana

Shops:
D:1 *


Innate Abilities, Weirdness & Mutations

You can wield a second weapon in your off-hand.
It takes a long time for you to wield or remove held weapons.
Your first few attacks do less damage.
You cannot equip rings or amulets.


Message History

The sling bullet hits the bombardier beetle.
The bombardier beetle is lightly wounded.
You shoot a sling bullet.
The sling bullet hits the bombardier beetle but does no damage.
The bombardier beetle is lightly wounded.
The liquid fire burns you!
A quokka comes into view.
The quokka bites you.
You shoot a sling bullet. The sling bullet hits the quokka.
The quokka is moderately wounded.
You shoot a sling bullet. The sling bullet hits the quokka.
The quokka is severely wounded.
The liquid fire burns you!
The quokka bites you but does no damage.
A gnoll comes into view. It is wielding a +0 halberd.
You shoot a sling bullet. The sling bullet misses the quokka.
You shoot a sling bullet.
The sling bullet closely misses the quokka.
The gnoll shouts!
The liquid fire burns you!
You hear a shout!
You hear an angry hiss.
The quokka barely misses you.
An orc comes into view. It is wielding a +0 club.
The quokka bites you.
Unknown command.
You shake off some of the fire as you move.
The liquid fire burns you!
* * * LOW HITPOINT WARNING * * *
Unknown command.
You shake off some of the fire as you move.
The liquid fire burns you!
* * * LOW HITPOINT WARNING * * *
There is an open door here.
Unknown command.
It was a potion of resistance.
You feel protected. The liquid fire burns you!
* * * LOW HITPOINT WARNING * * *
The quokka bites you.
You die...

#......#. #........
#......#. #.......#
#############........
..##.......###.....#
###.##.#####.# #.....#
#.#.##.....#.# #.....[
#...r@.....#.###......
#.#B##.....#(...<####.
.. #.##.....####### #.
..# .g##.....# #. ..
..........# #. #
o...##.##### #.
#.g..##.# #. ...?....#
#. o.....#


You could see a bombardier beetle and a quokka.

Vanquished Creatures
  3 adders (D:2)
  2 dart slugs (D:1)
  A ribbon worm (D:3)
  7 ball pythons
  4 bats
  7 hobgoblins
  6 jackals (D:1)
  2 quokkas (D:1)
  A frilled lizard (D:1)
  3 goblins
  2 kobolds (D:2)
  5 rats
43 creatures vanquished.

Notes
Turn   | Place    | Note
-------+----------+-------------------------------------------
     0 | D:1      | Biggs the Coglin Hunter began the quest for the Orb.
     0 | D:1      | Reached XP level 1. HP: 16/16 MP: 1/1
    68 | D:1      | Reached skill level 4 in Ranged Weapons
    68 | D:1      | Reached XP level 2. HP: 19/22 MP: 2/2
    96 | D:1      | Found Uzaenun's Assorted Antiques.
   201 | D:1      | Reached XP level 3. HP: 27/27 MP: 3/3
   658 | D:2      | Reached skill level 5 in Ranged Weapons
   658 | D:2      | Reached XP level 4. HP: 33/33 MP: 4/4
   675 | D:2      | Found a hazy altar of Hepliaklqana.
  1067 | D:3      | HP: 1/33 [burnt (4)]
  1068 | D:3      | Slain by a quokka

Illustrated notes

Levels and vault maps discovered:
D:1:      spicycebolla_arrival_ecumenical, layout_rooms, serial_shops, shop,
          ebering_dispersal_statue_hall, st_stairs_11
D:2:      layout_basic, basic_altar
D:3:      layout_basic, nicolae_uskayaw_suspiria, minitemple,
          gammafunk_ghost_smash

Skill      XL: |  1  2  3 |
---------------+----------+-----
Ranged Weapons | 4 5 |  5.2
Fighting       | |  2.0
Dodging        | |  1.7
Stealth        | |  0.7

Action                     |  1- 3 |  4- 6 || total
---------------------------+-------+-------++-------
   Fire: Sling             |   134 |    58 ||   192
    Use: Potion            |       |     1 ||     1
 Armour: Leather armour    |    10 |     7 ||    17
  Dodge: Dodged            |    15 |     2 ||    17

Table legend: (Time is in decaauts)
 A = Elapsed time spent in this place.
 B = Non-inter-level travel time spent in this place.
 C = Inter-level travel time spent in this place.
 D = Time resting spent in this place.
 E = Time spent auto-exploring this place.
 F = Levels seen in this place.
 G = Mean time per level.
                   A        B        C        D        E       F      G
               +--------+--------+--------+--------+--------+-----+--------+
         Total |   1088 |   1018 |     70 |      0 |    819 |   3 |  362.7 |
       Dungeon |   1088 |   1018 |     70 |      0 |    819 |   3 |  362.7 |
               +--------+--------+--------+--------+--------+-----+--------+

Top non-repeatable levels by time:
     D:1: 550 daAuts
     D:2: 436 daAuts
     D:3: 100 daAuts
